 Dungeon Crawl Stone Soup version 0.19.4-10-g532645f (webtiles) character file.

2000 Trixie the Covert (level 9, -9/40 HPs)
             Began as a Felid Berserker on Feb 24, 2017.
             Was a High Priest of Trog.
             Mangled by Haddockses's ghost (28 damage)
             ... on level 8 of the Dungeon.
             The game lasted 00:32:53 (10630 turns).

Trixie the Covert (Felid Berserker)                Turns: 10630, Time: 00:32:53

Health: -9/40      AC:  2    Str: 16    XL:     9   Next: 2%
Magic:  10/10      EV: 23    Int:  9    God:    Trog [*****.]
Gold:   540        SH:  0    Dex: 15    Spells: 0 memorised, 8 levels left
                                        Lives:  0   Deaths: 2

rFire  . . .     SeeInvis +       - Unarmed
rCold  . . .     Gourm    .     (armour unavailable)
rNeg   . . .     Faith    .     (shield unavailable)
rPois  .         Spirit   .     (helmet unavailable)
rElec  .         Reflect  .     (cloak unavailable)
rCorr  .         Harm     .     (gloves unavailable)
MR     +....                    (boots unavailable)
Stlth  ++++++....               (no amulet)
                                (no ring)
                                t - ring of stealth

@: quick
A: no armour, no weapons or thrown items, stealth, claws 1, fangs 3, see
invisible, carnivore 3, speed 1, shaggy fur 2, slow metabolism 1, sharp paws
a: Berserk, Trog's Hand, Brothers in Arms, Burn Spellbooks, Renounce Religion


You were on level 8 of the Dungeon.
You worshipped Trog.
Trog was extremely pleased with you.
You were very full.

You visited 1 branch of the dungeon, and saw 10 of its levels.

You collected 540 gold pieces.

Inventory:

Jewellery
 t - a ring of stealth (left paw)
Wands
 b - a wand of polymorph (14/24)
 s - a wand of digging (13/24)
 B - a wand of lightning (2/15)
Scrolls
 c - 3 scrolls of amnesia {unknown}
 e - a scroll of enchant weapon {unknown}
 f - 3 scrolls of noise
 g - 6 scrolls of teleportation
 k - 4 scrolls of random uselessness {unknown}
 l - 3 scrolls of identify
 m - 2 scrolls of blinking {unknown}
 o - a scroll of remove curse {unknown}
 q - a scroll of magic mapping {unknown}
 v - a scroll of immolation {unknown}
 w - a scroll of recharging {unknown}
 y - a scroll of vulnerability {unknown}
 z - a scroll of silence {unknown}
Potions
 d - 3 potions of heal wounds
 h - 6 potions of curing
 i - 5 potions of lignification {unknown}
 j - 2 potions of flight {unknown}
 n - a potion of magic {unknown}
 p - a potion of ambrosia {unknown}
 r - 2 potions of mutation {unknown}
 x - 2 potions of might {unknown}
Comestibles
 a - 4 meat rations
 u - 2 slices of pizza


   Skills:
 + Level 5.5 Fighting
 - Level 8.2 Dodging
 - Level 11.3 Stealth
 + Level 11.2 Unarmed Combat


You had 8 spell levels left.
You didn't know any spells.

Dungeon Overview and Level Annotations

Branches:
Dungeon (10/15)            Temple (0/1) D:4
   Lair: D:8-11         Orc: D:9-12

Altars:
Nemelex Xobeh
Qazlal
Sif Muna

Shops:
D:7 }

Annotations:
D:8 Haddockses's ghost, novice TrBe


Innate Abilities, Weirdness & Mutations

You cannot wear armour.
You are incapable of wielding weapons or throwing items.
Your paws allow you to move quietly. (Stealth)
You have sharp claws.
You have razor-sharp teeth.
You have supernaturally acute eyesight. (SInv)
You are carnivorous and can eat meat at any time.
You cover ground quickly.
You are covered in thick fur. (AC +2)
You have a slow metabolism.
Your sharp claws are effective at attacking unaware monsters.


Message History

This raw flesh tastes great.
You start resting.
Eating one of 2 chunks of flesh.
You start eating one of the 2 chunks of flesh.
This raw flesh tastes great.
Eating a chunk of flesh.
You start eating the chunk of flesh.
This raw flesh tastes great.
A worker ant comes into view.
A worker ant is nearby!
You feel yourself speed up.
You start resting.
You feel less exhausted.
You start resting.
A worker ant is nearby!
Haddockses's ghost turns its malevolent gaze towards you.
You completely miss Haddockses's ghost. Haddockses's ghost barely misses you.
You claw Haddockses's ghost!
Haddockses's ghost is lightly damaged.
Haddockses's ghost hits you!!
Ouch! That really hurt!
You die...

...# #[# #.[#
..## #.####..#
### #.......#
#[.###.## #..#
#.# #..# #(#
#..###.#
#.W.)..#
##@##..# #.##..#
#.##..# #.##a.#
#a##..# #.##..#
#.##..#
##########.##..#
#.......)......#


You could see a worker ant and Haddockses's ghost.

Vanquished Creatures
  2 hill giants
  A hungry ghost (D:8)
  Duvessa (D:4)
  5 ice beasts
  3 orc warriors
  2 sky beasts
  6 ogres
  4 centaurs
  3 bullfrogs
  Dowan (D:4)
  A scorpion (D:4)
  A water moccasin skeleton (D:4)
  A jelly (D:5)
  8 wights (D:8)
  3 crimson imps
  2 bullfrog zombies (D:9)
  5 hounds
  2 bullfrog skeletons
  5 orc priests
  Crazy Yiuf (D:2)
  2 gnoll shamans
  7 orc wizards
  A centaur skeleton (D:4)
  3 worker ants
  Natasha (thrice) (D:2)
  3 iguanas
  A hound zombie (D:7)
  A howler monkey zombie (D:5)
  A worker ant zombie (D:7)
  Robin (D:3)
  15 gnolls
  9 adders
  3 shadow imps
  An ooze (D:5)
  3 worms
  10 leopard geckos
  35 orcs
  7 bats
  7 giant cockroaches
  15 goblins
  11 hobgoblins
  2 jackals (D:3)
  4 quokkas
  A ball python (D:3)
  2 frilled lizards (D:2)
  5 kobolds
  A quokka skeleton (D:4)
  3 quokka zombies
  11 rats
  A fungus (D:2)
226 creatures vanquished.

Notes
Turn   | Place    | Note
-------+----------+-------------------------------------------
     0 | D:1      | Trixie the Felid Berserker began the quest for the Orb.
     0 | D:1      | Reached XP level 1. HP: 10/10 MP: 2/2
   469 | D:1      | Reached XP level 2. HP: 14/14 MP: 3/3
  1113 | D:1      | Reached skill level 1 in Stealth
  1130 | D:2      | Reached XP level 3. HP: 17/17 MP: 4/4
  1154 | D:2      | Reached ** piety under Trog
  1441 | D:2      | Noticed Natasha
  1449 | D:2      | Killed Natasha
  1449 | D:2      | Reached XP level 4. HP: 21/21 MP: 5/5
  1503 | D:2      | Noticed Natasha
  1513 | D:2      | Killed Natasha
  1803 | D:2      | Noticed Natasha
  1806 | D:2      | Killed Natasha
  1806 | D:2      | Reached skill level 5 in Dodging
  1835 | D:2      | Reached XP level 5. HP: 24/24 MP: 6/6
  1915 | D:2      | Found a runed door.
  1919 | D:2      | Noticed Crazy Yiuf
  1925 | D:2      | Killed Crazy Yiuf
  1925 | D:2      | Reached skill level 5 in Unarmed Combat
  2068 | D:3      | Found a sparkling altar of Nemelex Xobeh.
  2542 | D:3      | Reached *** piety under Trog
  2589 | D:3      | Noticed Robin
  2598 | D:3      | Killed Robin
  3089 | D:3      | Gained mutation: You are covered in thick fur. (AC +2) [Felid growth]
  3089 | D:3      | Reached XP level 6. HP: 28/28 MP: 7/7
  3571 | D:4      | Reached skill level 5 in Stealth
  3745 | D:4      | Found a staircase to the Ecumenical Temple.
  3853 | D:4      | Found a deep blue altar of Sif Muna.
  3974 | D:4      | Reached XP level 7. HP: 31/31 MP: 8/8
  3986 | D:4      | Noticed Duvessa
  3986 | D:4      | Noticed Dowan
  3994 | D:4      | Killed Duvessa
  3999 | D:4      | Killed Dowan
  4358 | D:5      | Entered Level 5 of the Dungeon
  4907 | D:5      | Found a stormy altar of Qazlal.
  4939 | D:5      | Reached XP level 8. HP: 36/36 MP: 9/9
  5028 | D:5      | Reached **** piety under Trog
  5868 | D:5      | Reached skill level 5 in Fighting
  7215 | D:7      | Reached XP level 9. HP: 23/40 MP: 10/10
  8199 | D:7      | Found Agoyrutenni's Gadget Shop.
  8485 | D:7      | You fall through a shaft for 3 floors!
  8485 | D:10     | Entered Level 10 of the Dungeon
  8592 | D:8      | Reached skill level 10 in Stealth
  8597 | D:8      | Slain by a bullfrog
  8598 | D:8      | Reached XP level 8. HP: 0/37 MP: 9/9
  8623 | D:8      | Noticed a hill giant
  8632 | D:8      | Killed a hill giant
  8641 | D:8      | Reached XP level 9. HP: 19/40 MP: 10/10
  9048 | D:8      | Reached ***** piety under Trog
  9330 | D:8      | Reached skill level 10 in Unarmed Combat
  9560 | D:8      | Noticed a hill giant
  9574 | D:9      | Killed a hill giant
 10046 | D:8      | Noticed Haddockses's ghost (novice TrBe)
 10488 | D:8      | Slain by Haddockses's ghost
 10489 | D:8      | Reached XP level 8. HP: -4/37 MP: 9/9
 10549 | D:8      | Reached XP level 9. HP: 11/40 MP: 10/10
 10630 | D:8      | Mangled by Haddockses's ghost

Skill      XL: |  1  2  3  4  5  6  7  8  9 |
---------------+----------------------------+-----
Stealth        | 1 3 5 11 10 | 11.3
Unarmed Combat | 4 5 6 7 9 11 | 11.2
Dodging        | 5 6 8 7 |  8.2
Fighting       | 4 5 |  5.5

Action                   |  1- 3 |  4- 6 |  7- 9 || total
-------------------------+-------+-------+-------++-------
Melee: Unarmed           |    98 |   166 |   353 ||   617
       Bite              |    13 |    19 |    32 ||    64
       Punch             |     2 |     4 |    21 ||    27
Invok: Berserk           |     1 |     7 |    25 ||    33
       Burn Spellbooks   |       |       |     1 ||     1
  Use: Scroll            |       |       |     6 ||     6
 Stab: Sleeping          |     2 |    11 |    20 ||    33
       Distracted        |       |     2 |     7 ||     9
  Eat: Chunk             |     5 |    15 |    42 ||    62
Armor: Skin              |     5 |     9 |    12 ||    26
Dodge: Dodged            |    72 |   119 |   212 ||   403
